 Dungeon Crawl Stone Soup version 0.30-a0-777-ga9a30cbeda (webtiles) character file.

Game seed: 4634787313318626143

23 lunkers the Insei (level 3, 0/28 HPs)
             Began as a Meteoran Transmuter on Feb 13, 2023.
             Slain by a gnoll
             ... wielding a +0 whip
              (8 damage)
             ... on level 2 of the Dungeon.
             The game lasted 00:00:59 (648 turns).

lunkers the Insei (Meteoran Transmuter)              Turns: 648, Time: 00:01:00

Health: 0/28       AC:  3    Str: 11    XL:     3   Next: 29%
Magic:  6/8        EV: 13    Int: 14    God:
Gold:   69         SH:  0    Dex: 17    Spells: 1/7 levels left

rFire   . . .      SeeInvis .      - Unarmed
rCold   . . .      Faith    .    (no shield)
rNeg    . . .      Spirit   .    a - +0 robe
rPois   .          Reflect  .    (no helmet)
rElec   .          Harm     .    (no cloak)
rCorr   .          Rampage  .    m - +0 pair of gloves
Will    .....                    (no boots)
Stlth   +                        (no amulet)
HPRegen 0.24/turn                (no ring)
MPRegen 0.11/turn                (no ring)

@: glowing
A: sense surroundings 1, otherworldly, glowing, explore regen
a: no special abilities


You were on level 2 of the Dungeon.
You visited 1 branch of the dungeon, and saw 2 of its levels.

You collected 69 gold pieces.

Inventory:

Armour
 a - a +0 robe (worn)
 m - a +0 pair of gloves (worn)
Scrolls
 c - a scroll of vulnerability {unknown}
 f - a scroll of fog {unknown}
 g - a scroll of teleportation {unknown}
 h - a scroll of enchant armour {unknown}
Potions
 b - a potion of lignification
 d - a potion of magic {unknown}
 e - a potion of berserk rage {unknown}
 i - a potion of heal wounds {unknown}
 j - 2 potions of mutation {unknown}
 k - a potion of haste {unknown}
 l - 2 potions of degeneration {unknown}


   Skills:
 - Level 1.1 Fighting
 - Level 2.4 Dodging
 - Level 4.7 Unarmed Combat
 - Level 2.6 Spellcasting
 * Level 2.7 Transmutations
 + Level 0.3 Poison Magic


You had one spell level left.
You knew the following spells:

 Your Spells              Type           Power      Damage    Failure   Level
b - Wereblood             Tmut           9%         N/A       11%         2
c - Spider Form           Tmut/Pois      6%         N/A       34%         3
p - Beastly Appendage     Tmut           18%        N/A       8%          1

Your spell library contained the following spells:

 Spells                   Type           Power      Damage    Failure   Level
 Ice Form                 Ice/Tmut       5%         N/A       77%         4


Dungeon Overview and Level Annotations

Branches:
Dungeon (2/15) Zot: 555

Altars:


Innate Abilities, Weirdness & Mutations

You passively map a small area around you.
You are easily found by Zot.
You glow in the dark.
You regain HP and MP as you explore.


Message History

Your +0 pair of gloves melds into your body.
Your +0 robe melds into your body.
Unknown command.
Your transformation is almost over.
A jackal comes into view.
The jackal barks!
The gnoll hits you with a +0 whip!
You hit the gnoll but do no damage. The gnoll closely misses you.
You barely miss the gnoll.
A ball python comes into view.
A quokka comes into view.
The ball python hisses angrily.
You hit the gnoll but do no damage. The gnoll misses you.
The quokka twitches its whiskers.
The jackal bites you.
You barely miss the gnoll. The jackal closely misses you.
The gnoll completely misses you.
You hit the gnoll but do no damage.
The gnoll is poisoned.
The jackal barely misses you. The gnoll barely misses you.
The jackal bites you.
* * * LOW HITPOINT WARNING * * *
You are too injured to fight recklessly!
You are too injured to fight recklessly!
Unknown command.
You are too injured to fight recklessly!
You hit the jackal.
The jackal is poisoned.
The jackal is severely wounded.
You kill the jackal!
The gnoll misses you.
Unknown command.
You bite the ball python!
You kill the ball python!
The quokka twitches its whiskers.
The gnoll hits you with a +0 whip!
* * * LOW HITPOINT WARNING * * *
You hit the quokka.
You kill the quokka!
Your transformation has ended.
Your +0 pair of gloves unmelds from your body.
Your +0 robe unmelds from your body.
The gnoll hits you with a +0 whip!
You die...

##.#.#.#.#.#.#.#.#
##.............., , ,
#.#.#.#.#.#.#.# * *
#.............
#..#.#.#.#.#.#.
#.............#
##.####..##.### # * ,
#.####.###...##.###.. *
............#.@g......
,#############..†..###.
* ,,,...###.# * ,
*#.... * .., * ,**
##... , .# * , * *
...## .# , * , , #...#
# * * *#.##. * * *


You could see a gnoll (very poisoned).

Vanquished Creatures
  3 giant cockroaches
  A goblin (D:1)
  4 hobgoblins (D:1)
  A jackal (D:2)
  A quokka (D:2)
  5 ball pythons
  2 bats (D:1)
  4 kobolds
  A rat (D:1)
22 creatures vanquished.

Notes
Turn   | Place    | Note
-------+----------+-------------------------------------------
     0 | D:1      | lunkers the Meteoran Transmuter began the quest for the
                  | Orb.
     0 | D:1      | Reached XP level 1. HP: 16/16 MP: 5/5
    28 | D:1      | Reached skill level 4 in Unarmed Combat
    65 | D:1      | Reached XP level 2. HP: 23/23 MP: 4/6
   306 | D:2      | Learned a level 2 spell: Wereblood
   354 | D:2      | Reached XP level 3. HP: 20/28 MP: 6/8
   358 | D:2      | Learned a level 3 spell: Spider Form
   648 | D:2      | Slain by a gnoll

Illustrated notes

Levels and vault maps discovered:
D:1:      sevenhm_arrival_forest_fort_small_6, layout_basic
D:2:      layout_basic, basic_altar, kennysheep_nondescript, hex_large,
          minmay_pentomino_pile

Skill      XL: |  1 |
---------------+----+-----
Unarmed Combat | 4 |  4.7
Fighting       | |  1.1
Dodging        | |  2.4
Spellcasting   | |  2.6
Transmutations | |  2.7
Poison Magic   | |  0.3

Action                     || total
---------------------------++-------
  Melee: Unarmed           ||    57
         Kick              ||    10
         Headbutt          ||     5
         Punch             ||     1
   Cast: Beastly Appendage ||    13
         Spider Form       ||     1
 Armour: Robe              ||    14
  Dodge: Dodged            ||    44

Table legend: (Time is in decaauts)
 A = Elapsed time spent in this place.
 B = Non-inter-level travel time spent in this place.
 C = Inter-level travel time spent in this place.
 D = Time resting spent in this place.
 E = Time spent auto-exploring this place.
 F = Levels seen in this place.
 G = Mean time per level.
                   A        B        C        D        E       F      G
               +--------+--------+--------+--------+--------+-----+--------+
         Total |    643 |    602 |     41 |      0 |    460 |   2 |  321.5 |
       Dungeon |    643 |    602 |     41 |      0 |    460 |   2 |  321.5 |
               +--------+--------+--------+--------+--------+-----+--------+

Top non-repeatable levels by time:
     D:2: 343 daAuts
     D:1: 300 daAuts
